 Dungeon Crawl Stone Soup version 0.17-b1-25-g6d8775f (webtiles) character file.

207 tp1 the Conjurer (level 5, 0/28 HPs)
             Began as a Deep Elf Wizard on Nov 5, 2015.
             Killed by divine providence
             ... invoked by an orc priest
              (12 damage)
             ... on level 4 of the Dungeon.
             The game lasted 00:10:59 (4068 turns).

tp1 the Conjurer (Deep Elf Wizard)                  Turns: 4068, Time: 00:10:59

Health: 0/28       AC:  2    Str:  4    XL:     5   Next: 54%
Magic:  18/22      EV:  9    Int: 24    God:
Gold:   215        SH:  0    Dex: 13    Spells: 1 memorised, 12 levels left

rFire  . . .     SeeInvis .     e - -2 short sword (curse)
rCold  . . .     Clarity  .     n - +0 ring mail (curse)
rNeg   . . .     SustAt   .     (no shield)
rPois  .         Gourm    .     b - +0 hat
rElec  .         Spirit   .     E - +0 cloak
rCorr  .         Warding  .     g - +0 pair of gloves
rMut   .         Stasis   .     (no boots)
MR     .....                    (no amulet)
Stlth  +.........               u - -5 ring of protection (curse)
                                y - ring of magical power

@: not resistant to hostile enchantments, very unstealthy
A: no striking features
a: no special abilities


You were on level 4 of the Dungeon.
You were very hungry.

You visited 1 branch of the dungeon, and saw 4 of its levels.

You collected 215 gold pieces.

Inventory:

Hand Weapons
 e - a cursed -2 short sword (weapon)
 i - a +1 short sword
 s - a +0 spear of venom
Armour
 a - a +0 robe
 b - a +0 hat (worn)
 g - a +0 pair of gloves (worn)
 l - a +0 leather armour
 n - a cursed +0 ring mail (worn)
 E - a +0 cloak (worn)
Jewellery
 k - a +3 ring of dexterity
 u - a cursed -5 ring of protection (right hand)
 y - a ring of magical power (left hand)
 F - an uncursed ring of poison resistance {unknown}
Wands
 x - a wand of teleportation (7)
 D - a wand of polymorph (14)
Scrolls
 h - 2 scrolls of amnesia
 o - 4 scrolls of identify
 v - a scroll of enchant weapon
 B - a scroll of immolation {unknown}
 C - a scroll of enchant armour {unknown}
 G - a scroll of teleportation {unknown}
Potions
 j - 3 potions of brilliance
 m - 2 potions of flight {unknown}
 p - a potion of poison {unknown}
 q - a potion of lignification {unknown}
 r - 4 potions of curing {unknown}
 t - a potion of might {unknown}
 w - a potion of degeneration {unknown}
 z - 3 potions of heal wounds {unknown}
 A - a potion of berserk rage {unknown}
 H - a potion of cure mutation {unknown}
Books
 c - a book of Minor Magic

   Spells                             Type                      Level
   a - Magic Dart                     Conjuration                  1
   b - Blink                          Translocation                2
   c - Call Imp                       Summoning                    2
   d - Repel Missiles                 Charms/Air                   2
   e - Slow                           Hexes                        2
   f - Conjure Flame                  Conjuration/Fire             3
   g - Mephitic Cloud                 Conjuration/Poison/Air       3
Comestibles
 d - 4 bread rations
 f - 2 meat rations


   Skills:
 - Level 2.4 Dodging
 - Level 2.4 Stealth
 + Level 4.5 Spellcasting
 - Level 6.0 Conjurations
   Level 1.1 Summonings
   Level 1.1 Translocations


You had 12 spell levels left.
You knew the following spells:

 Your Spells              Type           Power        Failure   Level  Hunger
a - Magic Dart            Conj           ####         6%          1    None


Dungeon Overview and Level Annotations

Branches:
Dungeon (4/15)
 Temple: D:4-7

Altars:
Makhleb
Ru
Zin


Message History

Aim: an orc priest, wielding a flail and wearing a chain mail The magic dart hits the orc priest.
Casting: Magic Dart
Confirm with . or Enter, or press ? or * to list all spells.
Aiming: Magic Dart
Press: ? - help, Shift-Dir - straight line, f/p - orc priest
Aim: an orc priest, wielding a flail and wearing a chain mail The magic dart hits the orc priest.
The orc priest is heavily wounded.
The orc priest hits you with a flail.
Casting: Magic Dart
Confirm with . or Enter, or press ? or * to list all spells.
Aiming: Magic Dart
Press: ? - help, Shift-Dir - straight line, f/p - orc priest
Aim: an orc priest, wielding a flail and wearing a chain mail (heavily wounded)
The magic dart hits the orc priest.
The orc priest is heavily wounded.
The orc priest invokes the aid of Beogh against you.
Something smites you!
You die...

#......# #...
#####......#########.
#....................
#####.....##########.
#...(.# ## #.....#
##############
#......#############
.......@...........#
#.....o###########.#####
#...[.. #........
#...... #..)#####
#...... #...# #......
#...# ####### #...#
#...# #...#


You could see an orc priest.

Vanquished Creatures
  A hound (D:3)
  An orc wizard (D:2)
  6 adders
  2 oozes (D:1)
  A worm (D:3)
  An adder skeleton (D:4)
  6 giant geckos
  4 orcs
  A ball python (D:1)
  2 giant cockroaches
  7 goblins
  12 hobgoblins
  5 jackals
  4 bats
  3 giant newts (D:2)
  6 kobolds
  9 rats
71 creatures vanquished.

Notes
Turn   | Place    | Note
--------------------------------------------------------------
     0 | D:1      | tp1 the Deep Elf Wizard began the quest for the Orb.
     0 | D:1      | Reached XP level 1. HP: 10/10 MP: 7/7
   132 | D:1      | Reached XP level 2. HP: 15/15 MP: 1/9
  1341 | D:2      | Reached XP level 3. HP: 19/19 MP: 7/10
  1557 | D:2      | Found a sacrificial altar of Ru.
  1875 | D:2      | Reached XP level 4. HP: 17/24 MP: 0/12
  1976 | D:2      | Found a glowing silver altar of Zin.
  2007 | D:2      | Reached skill level 5 in Conjurations
  2083 | D:2      | Found a sacrificial altar of Ru.
  2157 | D:2      | Found a glowing silver altar of Zin.
  2423 | D:3      | Found a burning altar of Makhleb.
  2432 | D:3      | Reached XP level 5. HP: 3/28 MP: 7/13
  2434 | D:3      | HP: 1/28 [giant cockroach (1)]
  3945 | D:4      | Reached skill level 6 in Conjurations
  4068 | D:4      | Killed from afar by an orc priest

Action                   |  1- 3 |  4- 6 || total
-------------------------+-------+-------++-------
Melee: Short sword       |    26 |     4 ||    30
 Cast: Magic Dart        |    77 |    89 ||   166
  Use: Scroll            |     4 |     3 ||     7
  Eat: Chunk             |     2 |     6 ||     8
